Workbook
Name \a: #REF!
Name \a: #REF!
Name \a: #REF!
Name \a: #REF!
Name \b: #REF!
Name \b: #REF!
Name \b: #REF!
Name \b: #REF!
Name \c: #REF!
Name \c: #REF!
Name \c: #REF!
Name \c: #REF!
Name \l: #REF!
Name \l: #REF!
Name \l: #REF!
Name \l: #REF!
Name A_impresión_IM: #REF!
Name A_impresión_IM: #REF!
Name A_impresión_IM: #REF!
Name A_impresión_IM: #REF!
Name aiu_mat: [1]PRESUPUESTO!$AD$891
Name BASURA: [2]ANEXO2!$B$90:$M$133
Name campamentos: [1]PRESUPUESTO!$AD$883
Name carreteras: #REF!
Name carreteras: #REF!
Name CONTRATACIÓN: #REF!
Name CONTRATACIÓN: #REF!
Name CONTRATACIÓN: #REF!
Name CONTRATACIÓN: #REF!
Name CUAESTRUCT: #REF!
Name CUAESTRUCT: #REF!
Name CUAESTRUCT: #REF!
Name CUAESTRUCT: #REF!
Name CUAPRUEBAS: #REF!
Name CUAPRUEBAS: #REF!
Name CUAPRUEBAS: #REF!
Name CUAPRUEBAS: #REF!
Name equipos: [1]PRESUPUESTO!$AD$876
Name FM: #REF!
Name FM: #REF!
Name FM: #REF!
Name FM: #REF!
Name FMA: #REF!
Name FMA: #REF!
Name FMA: #REF!
Name FMA: #REF!
Name FMB: #REF!
Name FMB: #REF!
Name FMB: #REF!
Name FMB: #REF!
Name FMC: #REF!
Name FMC: #REF!
Name FMC: #REF!
Name FMC: #REF!
Name FMD: #REF!
Name FMD: #REF!
Name FMD: #REF!
Name FMD: #REF!
Name FME: #REF!
Name FME: #REF!

Sheet Datos
A1: DATOS GENERALES
A2: Objeto | B2: REALIZAR LA INTERVENTORÍA TÉCNICA, ADMINISTRATIVA, LEGAL, FINANCIERA, SOCIAL, AMBIENTAL, SISO Y CONTABLE PARA EL CONTRATO DE OBRA PÚBLICA QUE RESULTE DE LA LICITACIÓN FDLS-LP- 007-2024 CUYO OBJETO CORRESPONDE A “CONTRATAR A PRECIOS UNITARIOS FIJOS Y A MONTO AGOTABLE EL DIAGNOSTICO Y LA INTERVENCIÓN DE LOS PARQUES DE PROXIMIDAD CARGO DEL FONDO DE DESARROLLO LOCAL DE SUBA, MEDIANTE ACCIONES DE REHABILITACIÓN Y/O MEJORAMIENTO Y/O MANTENIMIENTO Y/O ADECUACIÓN Y/O RECUPERACION Y/O AMPLIACIÓN Y/O TERMINACIÓN Y/O DOTACIÓN DE LA INFRAESTRUCTURA FISICA.”
A3: No de Proceso | B3: FDLS-CMA-001-2024
A4: Presupuesto Oficial | B4: 215897184
A5: Presupuesto Solicitado | B5: 1
A6: Fecha de Cierre del Proceso | B6: 45642
A7: Comité Evaluador - Técnico | B7: Clara Gutierrez
B8: Diego Olarte
B9: Andres Acosta
B10: Alejandro Victoria

Sheet Listas
A2: PROPONENTE | B2: SMMLV 2024 | C2: Método | D2: Rango (inclusive) | E2: Rango (inclusive) | F2: Método
A3: Persona Natural | B3: 1300000 | C3: Mediana con Valor Absoluto | D3: De 0.00 a 0.33 | E3: 0 | F3: Mediana con Valor Absoluto
A4: Persona Juridica | C4: Media Geométrica con presupuesto oficial | D4: De 0.34 a 0.67 | E4: 0.01 | F4: Mediana con Valor Absoluto
A5: Consorcio | C5: Media Aritmética | D5: De 0.68 a 0.99 | E5: 0.02 | F5: Mediana con Valor Absoluto
A6: Union Temporal | E6: 0.03 | F6: Mediana con Valor Absoluto
E7: 0.04 | F7: Mediana con Valor Absoluto
E8: 0.05 | F8: Mediana con Valor Absoluto
E9: 0.06 | F9: Mediana con Valor Absoluto
E10: 0.07 | F10: Mediana con Valor Absoluto
E11: 0.08 | F11: Mediana con Valor Absoluto
E12: 0.09 | F12: Mediana con Valor Absoluto
E13: 0.1 | F13: Mediana con Valor Absoluto
E14: 0.11 | F14: Mediana con Valor Absoluto
E15: 0.12 | F15: Mediana con Valor Absoluto
E16: 0.13 | F16: Mediana con Valor Absoluto
E17: 0.14 | F17: Mediana con Valor Absoluto
E18: 0.15 | F18: Mediana con Valor Absoluto
... E102: 0.99 | F102: Media Aritmética

Sheet 1. Exp.Habilitante 
B2: FONDO DE DESARROLLO LOCAL DE SUBA
B3: FORMATO: EVALUACIÓN PRELIMINAR EXPERIENCIA MINIMA HABILITANTE TECNICA PROPONENTES
B4: CONCURSO DE MERITOS ABIERTO
B7: OBJETO: | E7: =+Datos!B2 -> REALIZAR LA INTERVENTORÍA TÉCNICA, ADMINISTRATIVA, LEGAL, FINANCIERA, SOCIAL, AMBIENTAL, SISO Y CONTABLE PARA EL CONTRATO DE OBRA PÚBLICA QUE RESULTE DE LA LICITACIÓN FDLS-LP- 007-2024 CUYO OBJETO CORRESPONDE A “CONTRATAR A PRECIOS UNITARIOS FIJOS Y A MONTO AGOTABLE EL DIAGNOSTICO Y LA INTERVENCIÓN DE LOS PARQUES DE PROXIMIDAD CARGO DEL FONDO DE DESARROLLO LOCAL DE SUBA, MEDIANTE ACCIONES DE REHABILITACIÓN Y/O MEJORAMIENTO Y/O MANTENIMIENTO Y/O ADECUACIÓN Y/O RECUPERACION Y/O AMPLIACIÓN Y/O TERMINACIÓN Y/O DOTACIÓN DE LA INFRAESTRUCTURA FISICA.”
B13: 1 | C13: CONSORCIO REAL A&U 2024 | M13: NO CUMPLE
B16: PROPONENTE (Persona Natural, Jurídica, Consorcio o Unión Temporal): | E16: =C13 -> CONSORCIO REAL A&U 2024 | I16: INTEGRANTE 1: | K16: ARQUITECTURA E INGENIERIA DE CONSULTA ARINCO S.A.S. | P16: PORCENTAJE DE PARTICIPACIÓN: | S16: 0.9
I17: INTEGRANTE 2: | K17: URBANISMO Y ARQUITECTURA S.A.S. | P17: PORCENTAJE DE PARTICIPACIÓN: | S17: 0.1
P18: TOTAL PORCENTAJE | S18: =S16+S17 -> 1
B20: PRESUPUESTO OFICIAL ESTIMADO: | E20: 215897184 | G20: PRESUPUESTO OFICIAL EN SMLMV 2024 SOLICITADO: | J20: 1 | K20: =((E20/1300000)*J20) -> 166.07476 | L20: NO CUMPLE
G21: % DIMENSIONAMIENTO PPTO OFICIAL | J21: 0.7 | K21: =((E20/1300000)*J21) -> 116.25233 | L21: CUMPLE
B23: CÓDIGOS RUP MÍNIMOS SOLICITADOS | D23: 1 | E23: 80101600 | F23: 81101500 | I23: Conteo de Códigos | K23: Cumple / NO Cumple
B24: CÓDIGOS RUP: | D24: Contrato 1 | E24: X | F24: X | I24: =COUNTA(E24:F24) -> 2 | K24: CUMPLE
B25: CÓDIGOS RUP: | D25: Contrato 2 | I25: =COUNTA(E25:F25) -> 0 | K25: NO CUMPLE
B26: CÓDIGOS RUP: | D26: Contrato 3 | E26: X | F26: X | I26: =COUNTA(E26:F26) -> 2 | K26: CUMPLE
B27: CÓDIGOS RUP: | D27: Contrato 4 | E27: X | F27: X | I27: =COUNTA(E27:F27) -> 2 | K27: CUMPLE
B28: CÓDIGOS RUP: | D28: Contrato 5 | E28: X | F28: X | I28: =COUNTA(E28:F28) -> 2 | K28: CUMPLE
B29: CONSOLIDADO | I29: =COUNTA(E29:F29) -> 0
B31: No. | C31: # Contrato en RUP | D31: # PAGINA DEL RUP (PDF) | E31: ENTIDAD CONTRATANTE (Escriba el Nombre de la entidad con la cual suscribió la experiencia ante la Camara de Comercio.) | F31: OBJETO DEL CONTRATO (Indique tal como aparece en la certificación y/o acta de liquidación, y/o acta de terminación) | I31: NOMBRE DEL ARCHIVO SOPORTE APORTADO PARA VALIDAR LOS REQUERIMIENTOS SOLICITADOS. (Certificaciones, Contratos, Acta de Liquidacion y/o Facturas y/o cualquier otro documento que considere necesario) | K31: EXPERIENCIA GENERAL | N31: EXPERIENCIA ESPECIFICA | S31: CODIGOS CLASIFICACIÓN UNSPSC CUMPLE / NO CUMPLE | T31: NOMBRE PARTICIPANTE QUE APORTA LA EXPERIENCIA | U31: % PARTICIPACION EN EL CONSORCIO O UNIÓN TEMPORAL | V31: VALOR DEL CONTRATO EN SMMLV RELACIONADOS EN EL RUP | W31: VALOR DEL CONTRATO EN SMMLV X PORCENTAJE PARTICIPACIÓN PROMEDIO | X31: VALOR EJECUTADO EN SMMLV AFECTADO POR EL % DE PARTICIPACION SOLO CONTRATOS VALIDADOS | Y31: OBSERVACIONES | AA31: No cumple con lo dispuesto en el literal D DEL NUMERAL 3.5.2 CONSIDERACIONES PARA LA VALIDEZ DE LA EXPERIENCIA REQUERIDA EN Allegar la información para acreditación de experiencia entre particulares correspondiente al NUMERAL 3.5.5. DOCUMENTOS VALIDOS PARA LA ACREDITACION DE LA EXPERIENCIA REQUERIDA
K32: INTERVENTORÍA A CONSTRUCCIÓN Y/O RECONSTRUCCIÓN Y/O AMPLIACIÓN Y/O TERMINACIÓN Y/O REHABILITACIÓN Y/O MEJORAMIENTO Y/O MANTENIMIENTO Y/O ADECUACIÓN DE PARQUES | M32: INTERVENTORÍA A CONSTRUCCIÓN Y/O RECONSTRUCCIÓN Y/O AMPLIACIÓN Y/O TERMINACIÓN Y/O REHABILITACIÓN Y/O MEJORAMIENTO Y/O MANTENIMIENTO Y/O ADECUACIÓN DE ESPACIO PÚBLICO | N32: Con la sumatoria de hasta máximo dos (2) de los contratos válidos aportados como experiencia general debe corresponder mínimo al (F%) del presupuesto oficial del presente proceso de selección. % DE DIMENSIONAMIENTO F70%
K33: Nota 2: En el caso en el cual el proceso de selección contemple actividades de dotación de mobiliario, la experiencia válida aportada deberá acreditar en por lo menos uno (1) de los contratos actividades de INTERVENTORÍA A suministro e instalación de mobiliario. | M33: Nota 1: Para el caso de experiencia de ESPACIO PÚBLICO se excluyen de estos las vías destinadas al tránsito vehicular, así como la INTERVENTORÍA A conservación y/o preservación de playas marítimas.
B35: 1 | C35: 29 | D35: 261 | E35: IDRD | F35: INTERVENTORIATECNICA,ADMINISTRATIVA Y FINANCIERA A LA CONSTRUCCION DE OBRA DEL PARQUE VECINAL EL PARAISO,UBICADO EN LALOCALIDAD CIUDAD BOLIVAR DEL D.C.” | I35: Certificación en archivo gigital-CCE-EICP-FM-172 Formato 3 Experiencia Infraestructura Social V1 28-12-2023_1 | K35: CUMPLE | M35: N/A | N35: CUMPLE | S35: CUMPLE | T35: URBANISMO Y ARQUITECTURA S.A.S. | U35: 1 | V35: 140.99 | W35: =U35*V35 -> 140.99 | X35: =V35*U35 -> 140.99 | Y35: Cumple Nota 2 Cumple con 70% | AA35: El objeto del contrato aportado no corresponde a la experiencia requerida Subsanar en el termino del traslado de la evaluación
B36: 2 | C36: 59 | D36: 326 | E36: ESCORCIA ORETEGA &CIA SCA | F36: INTERVENTORIA TECNICA, ADMINISTRATIVA PARA LA CONSTRUCCION DEL CENTRO COMERCIAL EL POBLADO PLAZA | I36: Certificaión, Acta de recibo del contrato, en archivo Digital-CCE-EICP-FM-172 Formato 3 Experiencia Infraestructura Social V1 28-12-2023_1 | K36: N/A | M36: NO CUMPLE | N36: NO CUMPLE | S36: NO CUMPLE | T36: URBANISMO Y ARQUITECTURA S.A.S. | U36: 1 | V36: 866.5 | X36: =V36*U36 -> 866.5 | Y36: El objeto del contrato aportado no corresponde a la experiencia requerida de (Intervención parques y/o espacio público) aclarar el alcance de la intervención en SMMLV para parques y/o espacio publico en el contrato aportado No cumple con lo dispuesto en el literal D DEL NUMERAL 10.1.2 CONSIDERACIONES PARA LA VALIDEZ DE LA EXPERIENCIA DEL PROPONENTE "(...) Tratándose de Proponentes Plurales se tendrá en cuenta lo siguiente: i) uno de los integrantes debe aportar como mínimo el cincuenta por ciento (50 %) de la experiencia solicitada; ii) los demás integrantes deben acreditar al menos el cinco por ciento (5 %) de la experiencia solicitada; y iii) sin perjuicio de lo anterior, solo uno (1) de los integrantes, si así lo considera pertinente, podrá no demostrar experiencia. En este último caso, el porcentaje de participación del integrante que no aporta experiencia en la estructura plural no podrá superar el diez por ciento (10 %). Subsanar en el termino del traslado de la evaluación | AA36: Allegar la información para acreditación de experiencia entre particulares correspondiente al NUMERAL10.1.5 DOCUMENTOS VÁLIDOS PARA LA ACREDITACIÓN DE LA EXPERIENCIA REQUERIDA Subsanar en el termino del traslado de la evaluación
B38: VALOR SUMATORIA CONTRATOS ACREDITADOS PARA EXPERIENCIA HABILITANTE DEL PROPONENTE: | W38: =SUM(W35:W36) -> 140.99 | X38: =SUM(X35) -> 140.99
B39: PROMEDIO DE CONTRATOS ACREDITADOS VALIDOS DE EXPERIENCIA DEL PROPONENTE: | W39: =AVERAGE(W35:W36) -> 140.99
B42: 2 | C42: R&M CONSTRUCCIONES E INTERVENTORIAS S.A.S | M42: CUMPLE
B45: PROPONENTE (Persona Natural, Jurídica, Consorcio o Unión Temporal): | E45: =C42 -> R&M CONSTRUCCIONES E INTERVENTORIAS S.A.S | I45: INTEGRANTE 1: | K45: R&M CONSTRUCCIONES E INTERVENTORIAS S.A.S | P45: PORCENTAJE DE PARTICIPACIÓN: | S45: 1
I46: INTEGRANTE 2: | P46: PORCENTAJE DE PARTICIPACIÓN:
P47: TOTAL PORCENTAJE | S47: =S45+S46 -> 1
B49: PRESUPUESTO OFICIAL ESTIMADO: | E49: 215897184 | G49: PRESUPUESTO OFICIAL EN SMLMV 2024 SOLICITADO: | J49: 1 | K49: =((E49/1300000)*J49) -> 166.07476 | L49: CUMPLE
G50: % DIMENSIONAMIENTO PPTO OFICIAL | J50: 0.7 | K50: =((E49/1300000)*J50) -> 116.25233 | L50: CUMPLE
B52: CÓDIGOS RUP MÍNIMOS SOLICITADOS | D52: 1 | E52: 80101600 | F52: 81101500 | I52: Conteo de Códigos | K52: Cumple / NO Cumple
B53: CÓDIGOS RUP: | D53: Contrato 1 | E53: X | F53: X | I53: =COUNTA(E53:F53) -> 2 | K53: CUMPLE
B54: CÓDIGOS RUP: | D54: Contrato 2 | E54: X | F54: X | I54: =COUNTA(E54:F54) -> 2 | K54: CUMPLE
B55: CÓDIGOS RUP: | D55: Contrato 3 | E55: X | F55: X | I55: =COUNTA(E55:F55) -> 2 | K55: CUMPLE
B56: CÓDIGOS RUP: | D56: Contrato 4 | E56: X | F56: X | I56: =COUNTA(E56:F56) -> 2 | K56: CUMPLE
B57: CONSOLIDADO
B59: No. | C59: # Contrato en RUP | D59: # PAGINA DEL RUP (PDF) | E59: ENTIDAD CONTRATANTE (Escriba el Nombre de la entidad con la cual suscribió la experiencia ante la Camara de Comercio.) | F59: OBJETO DEL CONTRATO (Indique tal como aparece en la certificación y/o acta de liquidación, y/o acta de terminación) | I59: NOMBRE DEL ARCHIVO SOPORTE APORTADO PARA VALIDAR LOS REQUERIMIENTOS SOLICITADOS. (Certificaciones, Contratos, Acta de Liquidacion y/o Facturas y/o cualquier otro documento que considere necesario) | K59: EXPERIENCIA GENERAL | N59: EXPERIENCIA ESPECIFICA | S59: CODIGOS CLASIFICACIÓN UNSPSC CUMPLE / NO CUMPLE | T59: NOMBRE PARTICIPANTE QUE APORTA LA EXPERIENCIA | U59: % PARTICIPACION EN EL CONSORCIO O UNIÓN TEMPORAL | V59: VALOR DEL CONTRATO EN SMMLV RELACIONADOS EN EL RUP | W59: VALOR DEL CONTRATO EN SMMLV X PORCENTAJE PARTICIPACIÓN | X59: VALOR EJECUTADO EN SMMLV AFECTADO POR EL % DE PARTICIPACION SOLO CONTRATOS VALIDADOS | Y59: OBSERVACIONES
K60: INTERVENTORÍA A CONSTRUCCIÓN Y/O RECONSTRUCCIÓN Y/O AMPLIACIÓN Y/O TERMINACIÓN Y/O REHABILITACIÓN Y/O MEJORAMIENTO Y/O MANTENIMIENTO Y/O ADECUACIÓN DE PARQUES | M60: INTERVENTORÍA A CONSTRUCCIÓN Y/O RECONSTRUCCIÓN Y/O AMPLIACIÓN Y/O TERMINACIÓN Y/O REHABILITACIÓN Y/O MEJORAMIENTO Y/O MANTENIMIENTO Y/O ADECUACIÓN DE ESPACIO PÚBLICO | N60: Con la sumatoria de hasta máximo dos (2) de los contratos válidos aportados como experiencia general debe corresponder mínimo al (F%) del presupuesto oficial del presente proceso de selección. % DE DIMENSIONAMIENTO F70%
K61: Nota 2: En el caso en el cual el proceso de selección contemple actividades de dotación de mobiliario, la experiencia válida aportada deberá acreditar en por lo menos uno (1) de los contratos actividades de INTERVENTORÍA A suministro e instalación de mobiliario. | M61: Nota 1: Para el caso de experiencia de ESPACIO PÚBLICO se excluyen de estos las vías destinadas al tránsito vehicular, así como la INTERVENTORÍA A conservación y/o preservación de playas marítimas.
B63: 1 | C63: 34 | D63: 228 | E63: IDU | F63: INTERVENTORIA TECNICA, ADMINISTRATIVA, FINANCIERA Y AMBIENTAL PARA LA CONSTRUCCION DE LA ALAMEDA FLORIDA-JUAN AMARILLO | I63: Certificaión, ACUERDO CONSORCIAL , acta de liquidacion en archivo Digital- 7. EXPERIENCIA_1 | K63: N/A | M63: CUMPLE | N63: CUMPLE | S63: CUMPLE | T63: RYM CONSTRUCCIONES E INTERVENTORIAS SAS | U63: 0.8 | V63: 143.04 | W63: =U63*V63 -> 114.432 | X63: =V63*U63 -> 114.432
B64: 2 | C64: 209 | D64: 1288 | E64: FONDO DE DESARROLLO LOCAL DE CIUDAD USAQUEN | F64: REALIZAR LA INTERVENTORÍA TÉCNICA, ADMINISTRATIVA, FINANCIERA, JURÍDICA, AMBIENTAL Y SOCIAL AL CONTRATO DE OBRA PÚBLICA RESULTANTE DEL PROCESO DE LICITACIÓN PÚBLICA FDLUSA-LP-008-2018 CUYO OBJETO ES CONTRATAR POR EL SISTEMA DE PRECIOS UNITARIOS FIJOS SIN FORMULA DE REAJUSTE LAS OBRAS DE CONSTRUCCIÓN E INTERVENCIÓN DE PARQUES CATALOGADOS COMO VECINALES Y DE BOLSILLO, EN LA LOCALIDAD DE USAQUÉN EN BOGOTÁ D.C | I64: Acta de terminacion, liquidacion y recibo final en archivo Digital- 7. EXPERIENCIA_1 | K64: CUMPLE | M64: N/A | N64: CUMPLE | S64: CUMPLE | T64: RYM CONSTRUCCIONES E INTERVENTORIAS SAS | U64: 1 | V64: 488.82 | W64: =U64*V64 -> 488.82 | X64: =V64*U64 -> 488.82 | Y64: Cumple Nota 2 Cumple con 70%
B65: 3 | C65: 265 | D65: 1625 | E65: ALCALDIA DE RAFAEL URUBE | F65: REALIZAR LA INTERVENTORIA TECNICA, ADMINISTRATIVA, FINANCIERA, AMBIENTAL Y SST AL CONTRATO DE OBRA PUBLICA RESULTANTE DEL PROCESO DE LICITACION PUBLICA No. FDLRUU-LP-288-2021, CUYO OBJETO ES EJECUTAR A PRECIOS UNITARIOS FIJOS SIN FORMULA DE REAJUSTE LA CONSTRUCCIÓN DE PARQUES VECINALES Y DE BOLSILLO, EN LA LOCALIDAD DE RAFAEL URIBE URIBE, DE CONFORMIDAD CON LOS ESTUDIOS Y DISEÑOS, ANEXOS TECNICOS Y DEMÁS DOCUMENTOS QUE HACEN PARTE INTEGRAL DEL PROCESO DEL CONTRATO | I65: Acta de terminacio, clausuladoy acta de recibo final en archivo Digital- 7. EXPERIENCIA_1 | K65: CUMPLE | M65: N/A | N65: CUMPLE | S65: CUMPLE | T65: RYM CONSTRUCCIONES E INTERVENTORIAS SAS | U65: 1 | V65: 130.42 | W65: =U65*V65 -> 130.42 | X65: =V65*U65 -> 130.42
B66: 4 | C66: 224 | D66: 1378 | E66: LALCALDIA LOCAL DE SUBA | F66: “REALIZAR LA INTERVENTORÍA TÉCNICA, ADMINISRATIVA, LEGAL, FINANCIERA, CONTABLE, SEURIDAD Y SALUD EN EL TRABAJO, SOCIAL Y AMBIENTAL PARA EL CONTRATO DERIVADO DEL PROCESO DE LICITACION FDLS-LP-012-2019 PARA LA CONSTRUCCION DE PARQUES” | I66: Liquidacio, contrato y acta de liquidacion en archivo Digital- 7. EXPERIENCIA_1 | K66: CUMPLE | M66: N/A | N66: CUMPLE | S66: CUMPLE | T66: RYM CONSTRUCCIONES E INTERVENTORIAS SAS | U66: 1 | V66: 176.38 | W66: =U66*V66 -> 176.38 | X66: =V66*U66 -> 176.38
B68: VALOR SUMATORIA CONTRATOS ACREDITADOS PARA EXPERIENCIA HABILITANTE DEL PROPONENTE: | W68: =SUM(W63:W66) -> 910.052 | X68: =SUM(X63:X66) -> 910.052 | Y68: CUMPLE
B69: PROMEDIO DE CONTRATOS ACREDITADOS VALIDOS DE EXPERIENCIA DEL PROPONENTE: | W69: =AVERAGE(W63:W66) -> 227.513
B72: 3 | C72: UNION TEMPORAL PAMACO | M72: CUMPLE
B75: PROPONENTE (Persona Natural, Jurídica, Consorcio o Unión Temporal): | E75: =C72 -> UNION TEMPORAL PAMACO | I75: INTEGRANTE 1: | K75: COVILCO INGENIERIA S.A.S | P75: PORCENTAJE DE PARTICIPACIÓN: | S75: 0.9
I76: INTEGRANTE 2: | K76: MASEB INGENIERIA S.A.S | P76: PORCENTAJE DE PARTICIPACIÓN: | S76: 0.1
P77: TOTAL PORCENTAJE | S77: =S75+S76 -> 1
B79: PRESUPUESTO OFICIAL ESTIMADO: | E79: 215897184 | G79: PRESUPUESTO OFICIAL EN SMLMV 2024 SOLICITADO: | J79: 1 | K79: =((E79/1300000)*J79) -> 166.07476 | L79: CUMPLE
G80: % DIMENSIONAMIENTO PPTO OFICIAL | J80: 0.7 | K80: =((E79/1300000)*J80) -> 116.25233 | L80: CUMPLE
B82: CÓDIGOS RUP MÍNIMOS SOLICITADOS | D82: 1 | E82: 80101600 | F82: 81101500 | I82: Conteo de Códigos | K82: Cumple / NO Cumple
B83: CÓDIGOS RUP: | D83: Contrato 1 | E83: X | F83: X | I83: =COUNTA(E83:F83) -> 2 | K83: CUMPLE
B84: CONSOLIDADO | E84: 0 | I84: =COUNTA(E84:F84) -> 1 | K84: CUMPLE
B86: No. | C86: # Contrato en RUP | D86: # PAGINA DEL RUP (PDF) | E86: ENTIDAD CONTRATANTE (Escriba el Nombre de la entidad con la cual suscribió la experiencia ante la Camara de Comercio.) | F86: OBJETO DEL CONTRATO (Indique tal como aparece en la certificación y/o acta de liquidación, y/o acta de terminación) | I86: NOMBRE DEL ARCHIVO SOPORTE APORTADO PARA VALIDAR LOS REQUERIMIENTOS SOLICITADOS. (Certificaciones, Contratos, Acta de Liquidacion y/o Facturas y/o cualquier otro documento que considere necesario) | K86: EXPERIENCIA GENERAL | N86: EXPERIENCIA ESPECIFICA | S86: CODIGOS CLASIFICACIÓN UNSPSC CUMPLE / NO CUMPLE | T86: NOMBRE PARTICIPANTE QUE APORTA LA EXPERIENCIA | U86: % PARTICIPACION EN EL CONSORCIO O UNIÓN TEMPORAL | V86: VALOR DEL CONTRATO EN SMMLV RELACIONADOS EN EL RUP | W86: VALOR DEL CONTRATO EN SMMLV X PORCENTAJE PARTICIPACIÓN | X86: VALOR EJECUTADO EN SMMLV AFECTADO POR EL % DE PARTICIPACION SOLO CONTRATOS VALIDADOS | Y86: OBSERVACIONES
K87: INTERVENTORÍA A CONSTRUCCIÓN Y/O RECONSTRUCCIÓN Y/O AMPLIACIÓN Y/O TERMINACIÓN Y/O REHABILITACIÓN Y/O MEJORAMIENTO Y/O MANTENIMIENTO Y/O ADECUACIÓN DE PARQUES | M87: INTERVENTORÍA A CONSTRUCCIÓN Y/O RECONSTRUCCIÓN Y/O AMPLIACIÓN Y/O TERMINACIÓN Y/O REHABILITACIÓN Y/O MEJORAMIENTO Y/O MANTENIMIENTO Y/O ADECUACIÓN DE ESPACIO PÚBLICO | N87: Con la sumatoria de hasta máximo dos (2) de los contratos válidos aportados como experiencia general debe corresponder mínimo al (F%) del presupuesto oficial del presente proceso de selección. % DE DIMENSIONAMIENTO F70%
K88: Nota 2: En el caso en el cual el proceso de selección contemple actividades de dotación de mobiliario, la experiencia válida aportada deberá acreditar en por lo menos uno (1) de los contratos actividades de INTERVENTORÍA A suministro e instalación de mobiliario. | M88: Nota 1: Para el caso de experiencia de ESPACIO PÚBLICO se excluyen de estos las vías destinadas al tránsito vehicular, así como la INTERVENTORÍA A conservación y/o preservación de playas marítimas.
B90: 1 | C90: 103 | D90: 181 | E90: EMPRESA DE ACUEDUCTO Y ALCANTARILLADO DE BOGOTA - ESP | F90: INTERVENTORIA PARA LA EJECUCION DE OBRAS PARA LA REHABILITACION DE ZONAS DE PRESERVACION Y MANEJO AMBIENTAL DEL CANAL RIO FUCHA TRAMO ENTRE AVDA. 27ª A TRANSVERSAL 50 – BOGOTA D.C. | I90: Composicion accionaria, Certificacion, Acta fial y Acta de etregaen archivo Digital EXPERIENCIA | K90: N/A | M90: CUMPLE | N90: CUMPLE | S90: CUMPLE | T90: COVILCO INGENIERIA S.A.S- ACCIONISTAS (COVILCO S.A.S | U90: 1 | V90: 785.44 | W90: =U90*V90 -> 785.44 | X90: =V90*U90 -> 785.44 | Y90: Cumple Nota 2 Cumple con 70%
B92: VALOR SUMATORIA CONTRATOS ACREDITADOS PARA EXPERIENCIA HABILITANTE DEL PROPONENTE: | W92: =SUM(W90:W90) -> 785.44 | X92: =SUM(X90:X90) -> 785.44 | Y92: CUMPLE
B93: PROMEDIO DE CONTRATOS ACREDITADOS VALIDOS DE EXPERIENCIA DEL PROPONENTE: | W93: =AVERAGE(W90:W90) -> 785.44
B97: 4 | C97: ARA INGENEIRIA SAS | M97: CUMPLE
B100: PROPONENTE (Persona Natural, Jurídica, Consorcio o Unión Temporal): | E100: =C97 -> ARA INGENEIRIA SAS | I100: INTEGRANTE 1: | K100: ARA INGENEIRIA SAS | P100: PORCENTAJE DE PARTICIPACIÓN: | S100: 1
I101: INTEGRANTE 2: | P101: PORCENTAJE DE PARTICIPACIÓN:
P102: TOTAL PORCENTAJE | S102: =S100+S101 -> 1
B104: PRESUPUESTO OFICIAL ESTIMADO: | E104: 215897184 | G104: PRESUPUESTO OFICIAL EN SMLMV 2024 SOLICITADO: | J104: 1 | K104: =((E104/1300000)*J104) -> 166.07476 | L104: CUMPLE
G105: % DIMENSIONAMIENTO PPTO OFICIAL | J105: 0.7 | K105: =((E104/1300000)*J105) -> 116.25233 | L105: CUMPLE
B107: CÓDIGOS RUP MÍNIMOS SOLICITADOS | D107: 1 | E107: 80101600 | F107: 81101500 | I107: Conteo de Códigos | K107: Cumple / NO Cumple
B108: CÓDIGOS RUP: | D108: Contrato 1 | E108: X | F108: X | I108: =COUNTA(E108:F108) -> 2 | K108: CUMPLE
B109: CONSOLIDADO | E109: 0 | F109: 0 | I109: =COUNTA(E109:F109) -> 2 | K109: CUMPLE
B111: No. | C111: # Contrato en RUP | D111: # PAGINA DEL RUP (PDF) | E111: ENTIDAD CONTRATANTE (Escriba el Nombre de la entidad con la cual suscribió la experiencia ante la Camara de Comercio.) | F111: OBJETO DEL CONTRATO (Indique tal como aparece en la certificación y/o acta de liquidación, y/o acta de terminación) | I111: NOMBRE DEL ARCHIVO SOPORTE APORTADO PARA VALIDAR LOS REQUERIMIENTOS SOLICITADOS. (Certificaciones, Contratos, Acta de Liquidacion y/o Facturas y/o cualquier otro documento que considere necesario) | K111: EXPERIENCIA GENERAL | N111: EXPERIENCIA ESPECIFICA | S111: CODIGOS CLASIFICACIÓN UNSPSC CUMPLE / NO CUMPLE | T111: NOMBRE PARTICIPANTE QUE APORTA LA EXPERIENCIA | U111: % PARTICIPACION EN EL CONSORCIO O UNIÓN TEMPORAL | V111: VALOR DEL CONTRATO EN SMMLV RELACIONADOS EN EL RUP | W111: VALOR DEL CONTRATO EN SMMLV X PORCENTAJE PARTICIPACIÓN | X111: VALOR EJECUTADO EN SMMLV AFECTADO POR EL % DE PARTICIPACION SOLO CONTRATOS VALIDADOS | Y111: OBSERVACIONES
K112: INTERVENTORÍA A CONSTRUCCIÓN Y/O RECONSTRUCCIÓN Y/O AMPLIACIÓN Y/O TERMINACIÓN Y/O REHABILITACIÓN Y/O MEJORAMIENTO Y/O MANTENIMIENTO Y/O ADECUACIÓN DE PARQUES | M112: INTERVENTORÍA A CONSTRUCCIÓN Y/O RECONSTRUCCIÓN Y/O AMPLIACIÓN Y/O TERMINACIÓN Y/O REHABILITACIÓN Y/O MEJORAMIENTO Y/O MANTENIMIENTO Y/O ADECUACIÓN DE ESPACIO PÚBLICO | N112: Con la sumatoria de hasta máximo dos (2) de los contratos válidos aportados como experiencia general debe corresponder mínimo al (F%) del presupuesto oficial del presente proceso de selección. % DE DIMENSIONAMIENTO F70%
K113: Nota 2: En el caso en el cual el proceso de selección contemple actividades de dotación de mobiliario, la experiencia válida aportada deberá acreditar en por lo menos uno (1) de los contratos actividades de INTERVENTORÍA A suministro e instalación de mobiliario. | M113: Nota 1: Para el caso de experiencia de ESPACIO PÚBLICO se excluyen de estos las vías destinadas al tránsito vehicular, así como la INTERVENTORÍA A conservación y/o preservación de playas marítimas.
B115: 1 | C115: 146 | D115: 118 | E115: CORPORACION AUTONOMA REGIONAL DEL RIO GRANDE DE LA MAGDALENA | F115: INTERVENTORIA A LA CONSTRUCCION DE PROTECCION DE LA MARGEN DERECHA DEL RIO MAGDALENA Y PRIMERA ETAPA PARQUE LINEAL CABECERA MUNICIPAL LA GLORIA, CESAR | I115: Certificacion- Contrato- Acta deliquidacio- -en archivo Digital Formato 03 Experiencia | K115: N/A | M115: CUMPLE | N115: CUMPLE | S115: CUMPLE | T115: ARA INGENEIRIA SAS | U115: 0.51 | V115: 988.49 | W115: =U115*V115 -> 504.1299 | X115: =V115*U115 -> 504.1299 | Y115: Cumple Nota 2 Cumple con 70%
B117: VALOR SUMATORIA CONTRATOS ACREDITADOS PARA EXPERIENCIA HABILITANTE DEL PROPONENTE: | W117: =SUM(W115:W115) -> 504.1299 | X117: =SUM(X115:X115) -> 504.1299 | Y117: CUMPLE
B118: PROMEDIO DE CONTRATOS ACREDITADOS VALIDOS DE EXPERIENCIA DEL PROPONENTE: | W118: =AVERAGE(W115:W115) -> 504.1299
B121: 5 | C121: HR INGENIERIA SAS | M121: CUMPLE
B124: PROPONENTE (Persona Natural, Jurídica, Consorcio o Unión Temporal): | E124: =C121 -> HR INGENIERIA SAS | I124: INTEGRANTE 1: | K124: HR INGENIERIA SAS | P124: PORCENTAJE DE PARTICIPACIÓN: | S124: 1
I125: INTEGRANTE 2: | P125: PORCENTAJE DE PARTICIPACIÓN:
P126: TOTAL PORCENTAJE | S126: =S124+S125 -> 1
B128: PRESUPUESTO OFICIAL ESTIMADO: | E128: 215897184 | G128: PRESUPUESTO OFICIAL EN SMLMV 2024 SOLICITADO: | J128: 1 | K128: =((E128/1300000)*J128) -> 166.07476 | L128: CUMPLE
G129: % DIMENSIONAMIENTO PPTO OFICIAL | J129: 0.7 | K129: =((E128/1300000)*J129) -> 116.25233 | L129: CUMPLE
B131: CÓDIGOS RUP MÍNIMOS SOLICITADOS | D131: 1 | E131: 80101600 | F131: 81101500 | I131: Conteo de Códigos | K131: Cumple / NO Cumple
B132: CÓDIGOS RUP: | D132: Contrato 1 | I132: =COUNTA(E132:F132) -> 0 | K132: NO CUMPLE
B133: CÓDIGOS RUP: | D133: Contrato 2 | E133: X | F133: X | I133: =COUNTA(E133:F133) -> 2 | K133: CUMPLE
B134: CONSOLIDADO | E134: 0 | F134: 0 | I134: =COUNTA(E134:F134) -> 2 | K134: CUMPLE
B136: No. | C136: # Contrato en RUP | D136: # PAGINA DEL RUP (PDF) | E136: ENTIDAD CONTRATANTE (Escriba el Nombre de la entidad con la cual suscribió la experiencia ante la Camara de Comercio.) | F136: OBJETO DEL CONTRATO (Indique tal como aparece en la certificación y/o acta de liquidación, y/o acta de terminación) | I136: NOMBRE DEL ARCHIVO SOPORTE APORTADO PARA VALIDAR LOS REQUERIMIENTOS SOLICITADOS. (Certificaciones, Contratos, Acta de Liquidacion y/o Facturas y/o cualquier otro documento que considere necesario) | K136: EXPERIENCIA GENERAL | N136: EXPERIENCIA ESPECIFICA | S136: CODIGOS CLASIFICACIÓN UNSPSC CUMPLE / NO CUMPLE | T136: NOMBRE PARTICIPANTE QUE APORTA LA EXPERIENCIA | U136: % PARTICIPACION EN EL CONSORCIO O UNIÓN TEMPORAL | V136: VALOR DEL CONTRATO EN SMMLV RELACIONADOS EN EL RUP | W136: VALOR DEL CONTRATO EN SMMLV X PORCENTAJE PARTICIPACIÓN | X136: VALOR EJECUTADO EN SMMLV AFECTADO POR EL % DE PARTICIPACION SOLO CONTRATOS VALIDADOS | Y136: OBSERVACIONES
K137: INTERVENTORÍA A CONSTRUCCIÓN Y/O RECONSTRUCCIÓN Y/O AMPLIACIÓN Y/O TERMINACIÓN Y/O REHABILITACIÓN Y/O MEJORAMIENTO Y/O MANTENIMIENTO Y/O ADECUACIÓN DE PARQUES | M137: INTERVENTORÍA A CONSTRUCCIÓN Y/O RECONSTRUCCIÓN Y/O AMPLIACIÓN Y/O TERMINACIÓN Y/O REHABILITACIÓN Y/O MEJORAMIENTO Y/O MANTENIMIENTO Y/O ADECUACIÓN DE ESPACIO PÚBLICO | N137: Con la sumatoria de hasta máximo dos (2) de los contratos válidos aportados como experiencia general debe corresponder mínimo al (F%) del presupuesto oficial del presente proceso de selección. % DE DIMENSIONAMIENTO F70%
K138: Nota 2: En el caso en el cual el proceso de selección contemple actividades de dotación de mobiliario, la experiencia válida aportada deberá acreditar en por lo menos uno (1) de los contratos actividades de INTERVENTORÍA A suministro e instalación de mobiliario. | M138: Nota 1: Para el caso de experiencia de ESPACIO PÚBLICO se excluyen de estos las vías destinadas al tránsito vehicular, así como la INTERVENTORÍA A conservación y/o preservación de playas marítimas.
B140: 1 | C140: 38 | D140: 112 | E140: CAJA DE VIVIENDA POPULAR -CVP | F140: "INTERVENTORÍA TÉCNICA, ADMINISTRATIVA, FINANCIERA, SOCIAL, AMBIENTAL Y SISO PARA LA CONSTRUCCIÓN, REPARACION Y MANTENIMIENTO DE LAS OBRAS DE INTERVENCIÓN FÍSICA A ESCALA BARRIAL, UBICADAS EN BOGOTÁ D.C. GRUPO 1." | I140: Acta de liquidacion- Acta de entrega y recibo final de obra en archivo Digital FORMULARIO 3 EXPERIENCIA SUBA 15-12-24.zip | K140: N/A | M140: NO CUMPLE | N140: NO CUMPLE | S140: NO CUMPLE | T140: HR ING SAS | U140: 1 | V140: 591.78 | X140: =V140*U140 -> 591.78 | Y140: El objeto del contrato aportado no corresponde a la experiencia requerida de (Intervención parques y/o espacio público) aclarar el alcance de la intervención en SMMLV para parques y/o espacio publico _ El acta de entrega y recibo final de obras aportado solo identifica CIV . Nota 1: Para el caso de experiencia de ESPACIO PÚBLICO se excluyen de estos las vías destinadas al tránsito vehicular Subsanar en el termino del traslado de la evaluación
B141: 2 | C141: 48 | E141: MUNICIPIO DE MEDELLIN | F141: INTERVENTORÍA A LA CONSTRUCCIÓN, REPARACIÓN A OBRAS DE ESPACIO PÚBLICO EN LA COMUNA 1 (PL Y PP 2017 – 2018) | I141: Certificacion+ acta de recibo final+ acta de liquidacion en archivo Digital FORMULARIO 3 EXPERIENCIA SUBA 15-12-24.zip | K141: N/A | M141: CUMPLE | N141: CUMPLE | S141: CUMPLE | T141: HR ING SAS | U141: 1 | V141: 222.44 | W141: =U141*V141 -> 222.44 | X141: =V141*U141 -> 222.44 | Y141: Cumple Nota 2 Cumple con 70%
B143: VALOR SUMATORIA CONTRATOS ACREDITADOS PARA EXPERIENCIA HABILITANTE DEL PROPONENTE: | W143: =SUM(W140:W141) -> 222.44 | X143: =SUM(X141) -> 222.44 | Y143: CUMPLE
B144: PROMEDIO DE CONTRATOS ACREDITADOS VALIDOS DE EXPERIENCIA DEL PROPONENTE: | W144: =AVERAGE(W140:W141) -> 222.44
B147: 6 | C147: CONSORCIO CT | M147: CUMPLE
B150: PROPONENTE (Persona Natural, Jurídica, Consorcio o Unión Temporal): | E150: =C147 -> CONSORCIO CT | I150: INTEGRANTE 1: | K150: CIVILE SAS BIC | P150: PORCENTAJE DE PARTICIPACIÓN: | S150: 0.9
I151: INTEGRANTE 2: | K151: TAYFER DE COLOMBIA LTDA | P151: PORCENTAJE DE PARTICIPACIÓN: | S151: 0.1
P152: TOTAL PORCENTAJE | S152: =S150+S151 -> 1
B154: PRESUPUESTO OFICIAL ESTIMADO: | E154: 215897184 | G154: PRESUPUESTO OFICIAL EN SMLMV 2024 SOLICITADO: | J154: 1 | K154: =((E154/1300000)*J154) -> 166.07476 | L154: CUMPLE
G155: % DIMENSIONAMIENTO PPTO OFICIAL | J155: 0.7 | K155: =((E154/1300000)*J155) -> 116.25233 | L155: CUMPLE
B157: CÓDIGOS RUP MÍNIMOS SOLICITADOS | D157: 1 | E157: 80101600 | F157: 81101500 | I157: Conteo de Códigos | K157: Cumple / NO Cumple
B158: CÓDIGOS RUP: | D158: Contrato 1 | E158: X | F158: X | I158: =COUNTA(E158:F158) -> 2 | K158: CUMPLE
...

Sheet 2.Experiencia Personal clave
B2: FONDO DE DESARROLLO LOCAL DE SUBA
B3: FORMATO: EVALUACIÓN PRELIMINAR EXIGENCIAS MÍNIMAS DE EXPERIENCIA Y FORMACIÓN ACADÉMICA DEL EQUIPO DE TRABAJO (Personal Clave Evaluable)
B4: CONCURSO DE MERITOS ABIERTO
B5: =[6]Datos!C3 -> FDLS-CMA-001-2024
B7: OBJETO: | C7: =+Datos!B2 -> REALIZAR LA INTERVENTORÍA TÉCNICA, ADMINISTRATIVA, LEGAL, FINANCIERA, SOCIAL, AMBIENTAL, SISO Y CONTABLE PARA EL CONTRATO DE OBRA PÚBLICA QUE RESULTE DE LA LICITACIÓN FDLS-LP- 007-2024 CUYO OBJETO CORRESPONDE A “CONTRATAR A PRECIOS UNITARIOS FIJOS Y A MONTO AGOTABLE EL DIAGNOSTICO Y LA INTERVENCIÓN DE LOS PARQUES DE PROXIMIDAD CARGO DEL FONDO DE DESARROLLO LOCAL DE SUBA, MEDIANTE ACCIONES DE REHABILITACIÓN Y/O MEJORAMIENTO Y/O MANTENIMIENTO Y/O ADECUACIÓN Y/O RECUPERACION Y/O AMPLIACIÓN Y/O TERMINACIÓN Y/O DOTACIÓN DE LA INFRAESTRUCTURA FISICA.”
B9: 1 | C9: CONSORCIO REAL A&U 2024 | F9: NO CUMPLE | G9: No cumple con lo dispuesto en el literal 3.9.2 EXIGENCIAS MÍNIMAS DE EXPERIENCIA Y FORMACIÓN ACADÉMICA DEL EQUIPO DE TRABAJO (Personal Clave Evaluable) "(…) Las condiciones de formación académica y experiencia de los perfiles del personal integrante del equipo de trabajo denominado Personal Clave Evaluable se encuentran en el “Anexo 1 – Anexo Técnico” del Proceso de Contratación, las cuales serán verificadas durante la evaluación de las propuestas, de acuerdo con las reglas establecidas en el Pliego de Condiciones, particularmente, en el numeral “10.2. Acreditación de experiencia y formación académica del equipo de trabajo y del Personal Clave Evaluable”
B10: 3.9.2 EXIGENCIAS MÍNIMAS DE EXPERIENCIA Y FORMACIÓN ACADÉMICA DEL EQUIPO DE TRABAJO (VERIFICACIÓN DE CUMPLIMIENTO (Formato 8 - Aceptación y cumplimiento de la formación académica y la experiencia del personal clave evaluable)
B12: 1.DIRECTOR DE INTERVENTORIA : TITULO PROFESIONAL- INGENIERO/A CIVIL O ARQUITECTO/A-DEDICACION 20%
B14: NOMBRE COMPLETO | O14: NO CUMPLE
B15: DOCUMENTO DE IDENTIDAD
B16: PROFESION
B18: TITULO PROFESIONAL Y POSGRADO : ESPECIALIZACIÓN O MAESTRIA EN GERENCIA DE OBRAS O EN GERENCIA DE PROYECTOS DE INGENIERIA O EN GERENCIA DE PROYECTOS DE CONSTRUCCIÓN O EN GERENCIA E INTERVENTORÍA DE OBRAS CIVILES, O EN INTERVENTORÍA DE PROYECTOS Y OBRAS, O INTERVENTORÍA DE OBRAS CIVILES Nota: No se aceptarán estudios de tipo: diplomado, curso, seminario como un estudio de posgrado
B20: UNIVERSIDAD (PROFESIONAL Y POSGRADO) | E20: TITULO OBTENIDO | F20: 10.2.3 NOMBRE DEL ARCHIVO SOPORTE APORTADO PARA VALIDAR LA FORMACION ACADEMICA (i) copia del acta de grado o del diploma de grado y ii) copia de la tarjeta profesional o de la matrícula profesional en los casos en que aplique y su certificado de antecedentes profesionales. títulos académicos otorgados en el exterior deberá acreditar la convalidación de estos títulos en Colombia ante el Ministerio de Educación Nacional-Resolución expedida por el Ministerio de Educación Nacional que convalida el título | L20: ACREDITACION FORMACION ACADEMICA CUMPLE / NO CUMPLE | N20: OBSERVACIONES
L21: NO CUMPLE | N21: No allega los documentos de soporte validos para acreditar la formacio academica
L22: NO CUMPLE
B24: 1.1 EXPERIENCIA GENERAL : CUATRO (4) AÑOS EN EL EJERCICIO DE LA PROFESIÓN, CONTADOS PARTIR DE LA TARJETA PROFESIONAL | L24: NO CUMPLE | N24: OBSERVACIONES
N25: No allega los documentos de soporte
B27: 1.2. EXPERIENCIA ESPECÍFICA :DOS (2) AÑOS DE EXPERIENCIA CERTIFICADA COMO DIRECTOR Y/O COORDINADOR DE INTERVENTORIA EN PROYECTOS DE CONSTRUCCIÓN Y/O RECONSTRUCCIÓN Y/O AMPLIACIÓN Y/O TERMINACIÓN Y/O REHABILITACIÓN Y/O MEJORAMIENTO Y/O MANTENIMIENTO Y/O ADECUACIÓN DE PARQUES Y/O CAMPOS DEPORTIVOS,
B28: ENTIDAD CONTRATANTE, TIEMPO , TIPO DE PROYECTO | C28: TIEMPO ( MESES) | E28: CARGO DESEMPEÑADO | F28: 10.2.2 NOMBRE DEL ARCHIVO SOPORTE APORTADO DOCUMENTOS SOPORTE VÁLIDOS PARA ACREDITAR LA EXPERIENCIA DEL EQUIPO DE TRABAJO Y EL PERSONAL CLAVE EVALUABLE 1.Certificados laborales o de ejecución de su experiencia profesional. 2. Actas de liquidación o actas de terminación de los contratos, en caso de aplicar. 3. Copia de los contratos en los cuales laboró o ejerció las actividades respectivas. 4. Copia de las resoluciones de nombramiento y de posesión para cargos públicos. | L28: ACREDITACION EXPERIENCIA ESPECIFICA CUMPLE / NO CUMPLE | N28: OBSERVACIONES
L29: NO CUMPLE | N29: No allega los documentos de soporte validos para acreditar la Experiencia
L30: NO CUMPLE
L31: NO CUMPLE
B32: TOTAL MESES | C32: =C29+C30+C31 -> 0 | E32: NO CUMPLE
B34: 2. PROFESIONAL EN TRANSITO Y TRANSPORTE : TITULO PROFESIONAL- INGENIERO (A) CIVIL O INGENIERO (A) DE TRANSITO Y TRANSPORTE- DEDICACION 30%
B36: NOMBRE COMPLETO | O36: NO CUMPLE
B37: DOCUMENTO DE IDENTIDAD
B38: PROFESION
B40: TITULO PROFESIONAL Y POSGRADO :ESPECIALIZACIÓN O MAESTRIA EN ALGUNA DE LAS SIGUIENTES ALTERNATIVAS: Ingeniería tránsito, diseño y seguridad vial o Diseño de vías urbanas, tránsito y transporte o Ingeniería infraestructura y sistema de transporte o Ingeniería infraestructura o Infraestructura vial y de transporte o Pavimentos o geotecnia vial o vías y trasporte Nota: No se aceptarán estudios de tipo: diplomado, curso, seminario como un estudio de posgrado
B42: UNIVERSIDAD (PROFESIONAL Y POSGRADO) | E42: TITULO OBTENIDO | F42: 10.2.3 NOMBRE DEL ARCHIVO SOPORTE APORTADO PARA VALIDAR LA FORMACION ACADEMICA (i) copia del acta de grado o del diploma de grado y ii) copia de la tarjeta profesional o de la matrícula profesional en los casos en que aplique y su certificado de antecedentes profesionales. títulos académicos otorgados en el exterior deberá acreditar la convalidación de estos títulos en Colombia ante el Ministerio de Educación Nacional-Resolución expedida por el Ministerio de Educación Nacional que convalida el título | L42: ACREDITACION FORMACION ACADEMICA CUMPLE / NO CUMPLE | N42: OBSERVACIONES
L43: NO CUMPLE | N43: No allega los documentos de soporte validos para acreditar la formacio academica
L44: NO CUMPLE
B46: 2.1. EXPERIENCIA GENERAL : CUATRO (4) AÑOS EN EL EJERCICIO DE LA PROFESIÓN, CONTADOS PARTIR DE LA TARJETA PROFESIONAL | L46: NO CUMPLE | N46: OBSERVACIONES
N47: No allega los documentos de soporte
B49: 2.2 EXPERIENCIA ESPECÍFICA :DOS (2) AÑOS DE EXPERIENCIA CERTIFICADA COMO PROFESIONAL Y/O ESPECIALISTA DE OBRA Y/O INTERVENTORIA EN TRANSITO Y TRANSPORTE Y/O PAVIMENTOS Y/O GEOTECNIA EN PROYECTOS DE CONSTRUCCIÓN Y/O RECONSTRUCCIÓN Y/O AMPLIACIÓN Y/O TERMINACIÓN Y/O REHABILITACIÓN Y/O MEJORAMIENTO Y/O MANTENIMIENTO Y/O ADECUACIÓN DE PARQUES Y/O CAMPOS DEPORTIVOS,
B50: ENTIDAD CONTRATANTE, TIEMPO , TIPO DE PROYECTO | C50: TIEMPO ( MESES) | E50: CARGO DESEMPEÑADO | F50: 10.2.2 NOMBRE DEL ARCHIVO SOPORTE APORTADO DOCUMENTOS SOPORTE VÁLIDOS PARA ACREDITAR LA EXPERIENCIA DEL EQUIPO DE TRABAJO Y EL PERSONAL CLAVE EVALUABLE 1.Certificados laborales o de ejecución de su experiencia profesional. 2. Actas de liquidación o actas de terminación de los contratos, en caso de aplicar. 3. Copia de los contratos en los cuales laboró o ejerció las actividades respectivas. 4. Copia de las resoluciones de nombramiento y de posesión para cargos públicos. | L50: ACREDITACION EXPERIENCIA ESPECIFICA CUMPLE / NO CUMPLE | N50: OBSERVACIONES
L51: NO CUMPLE | N51: No allega los documentos de soporte validos para acreditar la Experiencia
L52: NO CUMPLE
L53: NO CUMPLE
B54: TOTAL MESES | C54: =C51+C52+C53 -> 0 | E54: NO CUMPLE
B57: 2 | C57: R&M CONSTRUCCIONES E INTERVENTORIAS S.A.S | F57: NO CUMPLE | G57: DIRECTOR DE INTERVENTORIA: Los documentos que aporta para acreditar la experiencia especifica- NO CERTIFICA QUE SE HAYA DESEMPEÑADO COMO DIRECTOR DE INTERVENTORIA, DEDICACIÓN Y EL TIEMPO O DURACION
B58: 3.9.2 EXIGENCIAS MÍNIMAS DE EXPERIENCIA Y FORMACIÓN ACADÉMICA DEL EQUIPO DE TRABAJO (VERIFICACIÓN DE CUMPLIMIENTO (Formato 8 - Aceptación y cumplimiento de la formación académica y la experiencia del personal clave evaluable)
B60: 1.DIRECTOR DE INTERVENTORIA : TITULO PROFESIONAL- INGENIERO/A CIVIL O ARQUITECTO/A-DEDICACION 20%
B62: NOMBRE COMPLETO | E62: ADRIANA MARCELA GUTIERREZ YEPES | O62: cumple
B63: DOCUMENTO DE IDENTIDAD | E63: 35537955
B64: PROFESION | E64: ARQUITECTA
B66: TITULO PROFESIONAL Y POSGRADO : ESPECIALIZACIÓN O MAESTRIA EN GERENCIA DE OBRAS O EN GERENCIA DE PROYECTOS DE INGENIERIA O EN GERENCIA DE PROYECTOS DE CONSTRUCCIÓN O EN GERENCIA E INTERVENTORÍA DE OBRAS CIVILES, O EN INTERVENTORÍA DE PROYECTOS Y OBRAS, O INTERVENTORÍA DE OBRAS CIVILES Nota: No se aceptarán estudios de tipo: diplomado, curso, seminario como un estudio de posgrado
B68: UNIVERSIDAD (PROFESIONAL Y POSGRADO) | E68: TITULO OBTENIDO | F68: 10.2.3 NOMBRE DEL ARCHIVO SOPORTE APORTADO PARA VALIDAR LA FORMACION ACADEMICA (i) copia del acta de grado o del diploma de grado y ii) copia de la tarjeta profesional o de la matrícula profesional en los casos en que aplique y su certificado de antecedentes profesionales. títulos académicos otorgados en el exterior deberá acreditar la convalidación de estos títulos en Colombia ante el Ministerio de Educación Nacional-Resolución expedida por el Ministerio de Educación Nacional que convalida el título | L68: ACREDITACION FORMACION ACADEMICA CUMPLE / NO CUMPLE | N68: OBSERVACIONES
B69: UNIVERSIDAD CATOLICA DE COLOMBIA | E69: ARQUITECTA | F69: CEDULA, ACTA DE GRADO, TARJETA PROFESIONAL- EXPEDICION ANTECEDENTES , CERTIFICADO DE VIGENCIA EXPEDICION 03-11-20211 | L69: CUMPLE | N69: N/A
B70: CORPORACION UNIVERSITARIA MINUTO DE DIOS | E70: ESPECIALISTA EN GERENCIA DE PROYECTOS | F70: ACTA DE GRADO | L70: CUMPLE | N70: N/A
B72: 1.1 EXPERIENCIA GENERAL : CUATRO (4) AÑOS EN EL EJERCICIO DE LA PROFESIÓN, CONTADOS PARTIR DE LA TARJETA PROFESIONAL | L72: CUMPLE | N72: OBSERVACIONES
B75: 1.2. EXPERIENCIA ESPECÍFICA :DOS (2) AÑOS DE EXPERIENCIA CERTIFICADA COMO DIRECTOR Y/O COORDINADOR DE INTERVENTORIA EN PROYECTOS DE CONSTRUCCIÓN Y/O RECONSTRUCCIÓN Y/O AMPLIACIÓN Y/O TERMINACIÓN Y/O REHABILITACIÓN Y/O MEJORAMIENTO Y/O MANTENIMIENTO Y/O ADECUACIÓN DE PARQUES Y/O CAMPOS DEPORTIVOS,
B76: ENTIDAD CONTRATANTE, TIEMPO , TIPO DE PROYECTO | C76: TIEMPO ( MESES) | E76: CARGO DESEMPEÑADO | F76: 10.2.2 NOMBRE DEL ARCHIVO SOPORTE APORTADO DOCUMENTOS SOPORTE VÁLIDOS PARA ACREDITAR LA EXPERIENCIA DEL EQUIPO DE TRABAJO Y EL PERSONAL CLAVE EVALUABLE 1.Certificados laborales o de ejecución de su experiencia profesional. 2. Actas de liquidación o actas de terminación de los contratos, en caso de aplicar. 3. Copia de los contratos en los cuales laboró o ejerció las actividades respectivas. 4. Copia de las resoluciones de nombramiento y de posesión para cargos públicos. | L76: ACREDITACION EXPERIENCIA ESPECIFICA CUMPLE / NO CUMPLE | N76: OBSERVACIONES
B77: R & M CONSTRUCCIONES E INTERVENTORÍAS S.A.S. | C77: 6 | E77: DIRECTOR DE INTERVENTORIA | F77: Copia del contrato acta de terminación en el cual trabajo y ejercio actividades como directora de interventoria cop 566-2021 | L77: NO CUMPLE | N77: Los documentos que aporta para acreditar la experiencia especifica- NO CERTIFICA QUE SE HAYA DESEMPEÑADO COMO DIRECTOR DE INTERVENTORIA, DEDICACIÓN Y EL TIEMPO O DURACION
B78: R & M CONSTRUCCIONES E INTERVENTORÍAS S.A.S. | C78: 11 | E78: DIRECTOR DE INTERVENTORIA | F78: Acta de inicio, acta de liquidacion cop 252-2018 | L78: NO CUMPLE
B79: R & M CONSTRUCCIONES E INTERVENTORÍAS S.A.S. | C79: 7 | E79: DIRECTOR DE INTERVENTORIA | F79: Cotrato de iterventoria, Acta de liquidacion cop 218-2017 | L79: NO CUMPLE
B80: TOTAL MESES | E80: NO CUMPLE
B82: 2. PROFESIONAL EN TRANSITO Y TRANSPORTE : TITULO PROFESIONAL- INGENIERO (A) CIVIL O INGENIERO (A) DE TRANSITO Y TRANSPORTE- DEDICACION 30%
B84: NOMBRE COMPLETO | E84: MARGARITA GOMEZ GOMEZ | O84: CUMPLE
B85: DOCUMENTO DE IDENTIDAD | E85: 51740684
B86: PROFESION | E86: INGENIERA CIVIL
B88: TITULO PROFESIONAL Y POSGRADO :ESPECIALIZACIÓN O MAESTRIA EN ALGUNA DE LAS SIGUIENTES ALTERNATIVAS: Ingeniería tránsito, diseño y seguridad vial o Diseño de vías urbanas, tránsito y transporte o Ingeniería infraestructura y sistema de transporte o Ingeniería infraestructura o Infraestructura vial y de transporte o Pavimentos o geotecnia vial o vías y trasporte Nota: No se aceptarán estudios de tipo: diplomado, curso, seminario como un estudio de posgrado
B90: UNIVERSIDAD (PROFESIONAL Y POSGRADO) | E90: TITULO OBTENIDO | F90: 10.2.3 NOMBRE DEL ARCHIVO SOPORTE APORTADO PARA VALIDAR LA FORMACION ACADEMICA (i) copia del acta de grado o del diploma de grado y ii) copia de la tarjeta profesional o de la matrícula profesional en los casos en que aplique y su certificado de antecedentes profesionales. títulos académicos otorgados en el exterior deberá acreditar la convalidación de estos títulos en Colombia ante el Ministerio de Educación Nacional-Resolución expedida por el Ministerio de Educación Nacional que convalida el título | L90: ACREDITACION FORMACION ACADEMICA CUMPLE / NO CUMPLE | N90: OBSERVACIONES
B91: UNIVERSIDAD GRAN COLOMBIA | E91: INGENIERO CIVIL | F91: CEDULA, ACTA DE GRADO, MATRICULA PROFESIONAL-ANTECEDENTES COPNIA , EXPEDICION 20-02-1997 | L91: CUMPLE | N91: N/A
B92: UNIVERSIDAD CATOLICA DE COLOMBIA | E92: ESPECIALISTA EN PAVIMENTOS | F92: Acta de grado | L92: CUMPLE | N92: N/A
B93: ESCUELA DE INGENIEROS MILITARES | E93: ESPECIALISTA EN GERENCIA INTERGRAL DE OBRAS | F93: Acta de grado | L93: CUMPLE | N93: N/A
B95: 2.1. EXPERIENCIA GENERAL : CUATRO (4) AÑOS EN EL EJERCICIO DE LA PROFESIÓN, CONTADOS PARTIR DE LA TARJETA PROFESIONAL | L95: CUMPLE | N95: OBSERVACIONES
N96: N/A
B98: 2.2 EXPERIENCIA ESPECÍFICA :DOS (2) AÑOS DE EXPERIENCIA CERTIFICADA COMO PROFESIONAL Y/O ESPECIALISTA DE OBRA Y/O INTERVENTORIA EN TRANSITO Y TRANSPORTE Y/O PAVIMENTOS Y/O GEOTECNIA EN PROYECTOS DE CONSTRUCCIÓN Y/O RECONSTRUCCIÓN Y/O AMPLIACIÓN Y/O TERMINACIÓN Y/O REHABILITACIÓN Y/O MEJORAMIENTO Y/O MANTENIMIENTO Y/O ADECUACIÓN DE PARQUES Y/O CAMPOS DEPORTIVOS,
B99: ENTIDAD CONTRATANTE, TIEMPO , TIPO DE PROYECTO | C99: TIEMPO ( MESES) | E99: CARGO DESEMPEÑADO | F99: 10.2.2 NOMBRE DEL ARCHIVO SOPORTE APORTADO DOCUMENTOS SOPORTE VÁLIDOS PARA ACREDITAR LA EXPERIENCIA DEL EQUIPO DE TRABAJO Y EL PERSONAL CLAVE EVALUABLE 1.Certificados laborales o de ejecución de su experiencia profesional. 2. Actas de liquidación o actas de terminación de los contratos, en caso de aplicar. 3. Copia de los contratos en los cuales laboró o ejerció las actividades respectivas. 4. Copia de las resoluciones de nombramiento y de posesión para cargos públicos. | L99: ACREDITACION EXPERIENCIA ESPECIFICA CUMPLE / NO CUMPLE | N99: OBSERVACIONES
B100: RM & CONSTRUCCIONES-ALCALDIA LOCAL DE ENGATIVA | C100: 9.37 | E100: ESPEIALISTA E GEOTECNIA DE ITERVENTORIA | F100: CERTIFICACION LABORAL, COPIA CONTRATO 332-2011 | L100: CUMPLE | N100: N/A
B101: RM & CONSTRUCCIONES-ALCALDIA DE CHAPINERO | C101: 11.03 | E101: ESPEIALISTA E GEOTECNIA DE ITERVENTORIA | F101: CERTIFICACION LABORAL, COPIA CONTRATO 145-2018 | L101: CUMPLE | N101: N/A
B102: RM & CONSTRUCCIONES-FONDO DE DESARROLLO LOCAL DE KENNEDY | C102: 6 | E102: ESPECIALISTA EN GEOTECNIA DE INTERVENTORIA | F102: CERTIFICACION LABORAL, COPIA CONTRATO 566-2021 | L102: CUMPLE | N102: N/A
B103: TOTAL MESES 24 | C103: =C100+C101+C102 -> 26.4 | E103: CUMPLE
B106: 3 | C106: UNION TEMPORAL PAMACO | F106: CUMPLE | G106: N/A
B107: 3.9.2 EXIGENCIAS MÍNIMAS DE EXPERIENCIA Y FORMACIÓN ACADÉMICA DEL EQUIPO DE TRABAJO (VERIFICACIÓN DE CUMPLIMIENTO (Formato 8 - Aceptación y cumplimiento de la formación académica y la experiencia del personal clave evaluable)
B109: 1.DIRECTOR DE INTERVENTORIA : TITULO PROFESIONAL- INGENIERO/A CIVIL O ARQUITECTO/A-DEDICACION 20%
B111: NOMBRE COMPLETO | E111: CARLOS ARTURO BELTRAN BELTRAN | O111: CUMPLE
B112: DOCUMENTO DE IDENTIDAD | E112: 74082042
B113: PROFESION | E113: INGENIERO CIVIL
B115: TITULO PROFESIONAL Y POSGRADO : ESPECIALIZACIÓN O MAESTRIA EN GERENCIA DE OBRAS O EN GERENCIA DE PROYECTOS DE INGENIERIA O EN GERENCIA DE PROYECTOS DE CONSTRUCCIÓN O EN GERENCIA E INTERVENTORÍA DE OBRAS CIVILES, O EN INTERVENTORÍA DE PROYECTOS Y OBRAS, O INTERVENTORÍA DE OBRAS CIVILES Nota: No se aceptarán estudios de tipo: diplomado, curso, seminario como un estudio de posgrado
B117: UNIVERSIDAD (PROFESIONAL Y POSGRADO) | E117: TITULO OBTENIDO | F117: 10.2.3 NOMBRE DEL ARCHIVO SOPORTE APORTADO PARA VALIDAR LA FORMACION ACADEMICA (i) copia del acta de grado o del diploma de grado y ii) copia de la tarjeta profesional o de la matrícula profesional en los casos en que aplique y su certificado de antecedentes profesionales. títulos académicos otorgados en el exterior deberá acreditar la convalidación de estos títulos en Colombia ante el Ministerio de Educación Nacional-Resolución expedida por el Ministerio de Educación Nacional que convalida el título | L117: ACREDITACION FORMACION ACADEMICA CUMPLE / NO CUMPLE | N117: OBSERVACIONES
B118: Corporación Universitario "Minuto de Dios" | E118: INGENIERO CIVIL | F118: CEDULA, ACTA DE GRADO, MATRICULA PROFESIONAL-ANTECEDENTES COPNIA , EXPEDICION 16-06-210 | L118: CUMPLE | N118: N/A
B119: UNIVERSIDAD EAN | E119: ESPECIALISTA EN GERENCIA DE PROYECTOS | F119: Acta de grado | L119: CUMPLE | N119: N/A
B121: 1.1 EXPERIENCIA GENERAL : CUATRO (4) AÑOS EN EL EJERCICIO DE LA PROFESIÓN, CONTADOS PARTIR DE LA TARJETA PROFESIONAL | L121: CUMPLE | N121: OBSERVACIONES
N122: N/A
B124: 1.2. EXPERIENCIA ESPECÍFICA :DOS (2) AÑOS DE EXPERIENCIA CERTIFICADA COMO DIRECTOR Y/O COORDINADOR DE INTERVENTORIA EN PROYECTOS DE CONSTRUCCIÓN Y/O RECONSTRUCCIÓN Y/O AMPLIACIÓN Y/O TERMINACIÓN Y/O REHABILITACIÓN Y/O MEJORAMIENTO Y/O MANTENIMIENTO Y/O ADECUACIÓN DE PARQUES Y/O CAMPOS DEPORTIVOS,
B125: ENTIDAD CONTRATANTE, TIEMPO , TIPO DE PROYECTO | C125: TIEMPO ( MESES) | E125: CARGO DESEMPEÑADO | F125: 10.2.2 NOMBRE DEL ARCHIVO SOPORTE APORTADO DOCUMENTOS SOPORTE VÁLIDOS PARA ACREDITAR LA EXPERIENCIA DEL EQUIPO DE TRABAJO Y EL PERSONAL CLAVE EVALUABLE 1.Certificados laborales o de ejecución de su experiencia profesional. 2. Actas de liquidación o actas de terminación de los contratos, en caso de aplicar. 3. Copia de los contratos en los cuales laboró o ejerció las actividades respectivas. 4. Copia de las resoluciones de nombramiento y de posesión para cargos públicos. | L125: ACREDITACION EXPERIENCIA ESPECIFICA CUMPLE / NO CUMPLE | N125: OBSERVACIONES
B126: Consoricio Interventorias-construccion cancha | C126: 3.5 | E126: DIRECTOR DE INTERVENTORIA | F126: CERTIFICACION LABORAL, CONTRATO 002-2014 | L126: CUMPLE | N126: N/A
B127: Consoricio Interventorias-construccion polideportivo | C127: 4 | E127: DIRECTOR DE INTERVENTORIA | F127: CERTIFICACION LABORAL, CONTRATO 50-2015 | L127: CUMPLE | N127: N/A
B128: Consoricio Interventorias-construccion polideportivo | C128: 4.5 | E128: DIRECTOR DE INTERVENTORIA | F128: CERTIFICACION LABORAL, CONTRATO 178-2014 | L128: CUMPLE | N128: N/A
B129: Consoricio Interventorias-construccion polideportivo | C129: 3.5 | E129: DIRECTOR DE INTERVENTORIA | F129: CERTIFICACION LABORAL, CONTRATO f14-018-2014 | L129: CUMPLE | N129: N/A
B130: Consoricio Interventorias-construccion polideportivo | C130: 3.5 | E130: DIRECTOR DE INTERVENTORIA | F130: CERTIFICACION LABORAL, CONTRATO so-02-04-2015 | L130: CUMPLE | N130: N/A
B131: Consoricio Interventorias-construccion polideportivo | C131: 9 | E131: DIRECTOR DE INTERVENTORIA | F131: CERTIFICACION LABORAL, CONTRATO 002-2014 | L131: CUMPLE | N131: N/A
B132: TOTAL MESES 24 | C132: =SUM(C126:D131) -> 28 | E132: CUMPLE
B134: 2. PROFESIONAL EN TRANSITO Y TRANSPORTE : TITULO PROFESIONAL- INGENIERO (A) CIVIL O INGENIERO (A) DE TRANSITO Y TRANSPORTE- DEDICACION 30%
B136: NOMBRE COMPLETO | E136: CESAR AUGUSTO CHAPPARO MARTINEZ | O136: CUMPLE
B137: DOCUMENTO DE IDENTIDAD | E137: 80366938
B138: PROFESION | E138: INGENIERO CIVIL
B140: TITULO PROFESIONAL Y POSGRADO :ESPECIALIZACIÓN O MAESTRIA EN ALGUNA DE LAS SIGUIENTES ALTERNATIVAS: Ingeniería tránsito, diseño y seguridad vial o Diseño de vías urbanas, tránsito y transporte o Ingeniería infraestructura y sistema de transporte o Ingeniería infraestructura o Infraestructura vial y de transporte o Pavimentos o geotecnia vial o vías y trasporte Nota: No se aceptarán estudios de tipo: diplomado, curso, seminario como un estudio de posgrado
B142: UNIVERSIDAD (PROFESIONAL Y POSGRADO) | E142: TITULO OBTENIDO | F142: 10.2.3 NOMBRE DEL ARCHIVO SOPORTE APORTADO PARA VALIDAR LA FORMACION ACADEMICA (i) copia del acta de grado o del diploma de grado y ii) copia de la tarjeta profesional o de la matrícula profesional en los casos en que aplique y su certificado de antecedentes profesionales. títulos académicos otorgados en el exterior deberá acreditar la convalidación de estos títulos en Colombia ante el Ministerio de Educación Nacional-Resolución expedida por el Ministerio de Educación Nacional que convalida el título | L142: ACREDITACION FORMACION ACADEMICA CUMPLE / NO CUMPLE | N142: OBSERVACIONES
...

Sheet 3. Oferta Económica
B3: FONDO DE DESARROLLO LOCAL DE SUBA
B4: FORMATO: EVALUACIÓN PRELIMINAR VERIFICACIÓN DE OFERTA ECONÓMICA - “Formulario 1 – Global”.
B5: CONCURSO DE MERITOS ABIERTO
B6: =Datos!B3 -> FDLS-CMA-001-2024
B8: OBJETO DEL CONTRATO
B9: =+Datos!B2 -> REALIZAR LA INTERVENTORÍA TÉCNICA, ADMINISTRATIVA, LEGAL, FINANCIERA, SOCIAL, AMBIENTAL, SISO Y CONTABLE PARA EL CONTRATO DE OBRA PÚBLICA QUE RESULTE DE LA LICITACIÓN FDLS-LP- 007-2024 CUYO OBJETO CORRESPONDE A “CONTRATAR A PRECIOS UNITARIOS FIJOS Y A MONTO AGOTABLE EL DIAGNOSTICO Y LA INTERVENCIÓN DE LOS PARQUES DE PROXIMIDAD CARGO DEL FONDO DE DESARROLLO LOCAL DE SUBA, MEDIANTE ACCIONES DE REHABILITACIÓN Y/O MEJORAMIENTO Y/O MANTENIMIENTO Y/O ADECUACIÓN Y/O RECUPERACION Y/O AMPLIACIÓN Y/O TERMINACIÓN Y/O DOTACIÓN DE LA INFRAESTRUCTURA FISICA.”
B11: VERIFICACIÓN DE OFERTA ECONÓMICA - “Formulario 1 – Global”.
B12: No. | C12: Oferente | D12: CUMPLE / NO CUMPLE | E12: Observaciones
B15: 1 | C15: CONSORCIO REAL A&U 2024 | D15: CUMPLE | E15: Presenta Oferta, Sin Observaciones.
B16: 2 | C16: R&M CONSTRUCCIONES E INTERVENTORIAS S.A.S | D16: NO CUMPLE | E16: NO APORTA "EL FORMULARIO 1-Global" de acuerdo a lo establecido en el CAPÍTULO V. OFERTA ECONÓMICA Subsanar o alcarar en termino de traslado
B17: 3 | C17: UNION TEMPORAL PAMACO | D17: CUMPLE | E17: Presenta Oferta, Sin Observaciones.
B18: 4 | C18: ARA INGENEIRIA SAS | D18: NO CUMPLE | E18: NO APORTA "EL FORMULARIO 1-Global" de acuerdo a lo establecido en el CAPÍTULO V. OFERTA ECONÓMICA Subsanar o alcarar en termino de traslado
B19: 5 | C19: HR INGENIERIA SAS | D19: NO CUMPLE | E19: NO APORTA "EL FORMULARIO 1-Global" de acuerdo a lo establecido en el CAPÍTULO V. OFERTA ECONÓMICA Subsanar o alcarar en termino de traslado
B20: 6 | C20: CONSORCIO CT | D20: CUMPLE | E20: Presenta Oferta, Sin Observaciones.
B21: 7 | C21: CONSORCIO ALMA-INTERNOVAC | D21: NO CUMPLE | E21: NO APORTA OFERTA ECONÓMICA DILIGENCIADA "EL FORMULARIO 1-Global" , de acuerdo a lo establecido en el CAPÍTULO V. OFERTA ECONÓMICA Subsanar o alcarar en termino de traslado
B22: 8 | C22: CONSORCIO SAN LUIS 310 | D22: NO CUMPLE | E22: NO APORTA "EL FORMULARIO 1-Global" de acuerdo a lo establecido en el CAPÍTULO V. OFERTA ECONÓMICA Subsanar o alcarar en termino de traslado
B23: 9 | C23: PRAN COSTRUCCIONES SAS | D23: CUMPLE | E23: Presenta Oferta, Sin Observaciones.
B24: 10 | C24: UMBRELLA INTERNACIONAL SAS | D24: CUMPLE | E24: Presenta Oferta, Sin Observaciones.
B25: 11 | C25: CONSORCIO LAGARTOS | D25: CUMPLE | E25: Presenta Oferta, Sin Observaciones.
B26: 12 | C26: CONSORCIO PARQUES BOGOTA SR | D26: NO CUMPLE | E26: NO APORTA OFERTA ECONÓMICA DILIGENCIADA "EL FORMULARIO 1-Global" , de acuerdo a lo establecido en el CAPÍTULO V. OFERTA ECONÓMICA Subsanar o alcarar en termino de traslado
... B30: 16 | C30: CONSORCIO DG | D30: NO CUMPLE | E30: NO APORTA OFERTA ECONÓMICA DILIGENCIADA "EL FORMULARIO 1-Global" , de acuerdo a lo establecido en el CAPÍTULO V. OFERTA ECONÓMICA Subsanar o alcarar en termino de traslado
B31: 17 | C31: CONSORCIO LAAP
B32: 18 | C32: CONSORCIO HG INFRAESTRUCTURA | D32: CUMPLE | E32: Presenta Oferta, Sin Observaciones.
B33: 19 | C33: CONSORCIO SAN MARCOS 001 | D33: CUMPLE | E33: Presenta Oferta, Sin Observaciones.

Sheet 4. Consolidado Habilitantes pre
B2: FONDO DE DESARROLLO LOCAL DE SUBA
B3: CONCURSO DE MERITOS ABIERTO
B4: =Datos!B3 -> FDLS-CMA-001-2024
B5: CONSOLIDADO VERIFICACIÓN PRELIMINAR HABILITANTE
B7: OBJETO: | D7: =Datos!B2 -> REALIZAR LA INTERVENTORÍA TÉCNICA, ADMINISTRATIVA, LEGAL, FINANCIERA, SOCIAL, AMBIENTAL, SISO Y CONTABLE PARA EL CONTRATO DE OBRA PÚBLICA QUE RESULTE DE LA LICITACIÓN FDLS-LP- 007-2024 CUYO OBJETO CORRESPONDE A “CONTRATAR A PRECIOS UNITARIOS FIJOS Y A MONTO AGOTABLE EL DIAGNOSTICO Y LA INTERVENCIÓN DE LOS PARQUES DE PROXIMIDAD CARGO DEL FONDO DE DESARROLLO LOCAL DE SUBA, MEDIANTE ACCIONES DE REHABILITACIÓN Y/O MEJORAMIENTO Y/O MANTENIMIENTO Y/O ADECUACIÓN Y/O RECUPERACION Y/O AMPLIACIÓN Y/O TERMINACIÓN Y/O DOTACIÓN DE LA INFRAESTRUCTURA FISICA.”
B9: No. | C9: PROPONENTE | D9: REQUISITOS HABILITANTES TÉCNICOS | G9: RESUMEN HABILITADO / NO HABILITADO | I9: OBSERVACIONES
D10: 1. REQUISITOS EXPERIENCIA MÍNIMA HABILITANTE | E10: 2. EXPERIENCIA PERSONAL CLAVE EVALUABLE | F10: 3. OFERTA ECONÓMICA
D11: CRITERIO | E11: CRITERIO | F11: CRITERIO
B12: 1 | C12: CONSORCIO REAL A&U 2024 | D12: NO CUMPLE | E12: NO CUMPLE | F12: CUMPLE | G12: NO HABILITADO | I12: * Ver Evaluación Preliminar "Experiencia" * Ver Evaluación Preliminar "Personal clave" Subsanar en el termino del traslado de la evaluación
B13: 2 | C13: R&M CONSTRUCCIONES E INTERVENTORIAS S.A.S | D13: CUMPLE | E13: NO CUMPLE | F13: NO CUMPLE | G13: NO HABILITADO | I13: * Ver Evaluación Preliminar "Personal clave" * Ver Evaluación Preliminar "Oferta Económica* Subsanar en el termino del traslado de la evaluación
B14: 3 | C14: UNION TEMPORAL PAMACO | D14: CUMPLE | E14: CUMPLE | F14: CUMPLE | G14: HABILITADO | I14: Sin Observaciones.
B15: 4 | C15: ARA INGENEIRIA SAS | D15: CUMPLE | E15: NO CUMPLE | F15: NO CUMPLE | G15: NO HABILITADO | I15: * Ver Evaluación Preliminar "Personal clave" * Ver Evaluación Preliminar "Oferta Económica* Subsanar en el termino del traslado de la evaluación
B16: 5 | C16: HR INGENIERIA SAS | D16: CUMPLE | E16: NO CUMPLE | F16: NO CUMPLE | G16: NO HABILITADO | I16: * Ver Evaluación Preliminar "Personal clave" * Ver Evaluación Preliminar "Oferta Económica* Subsanar en el termino del traslado de la evaluación
B17: 6 | C17: CONSORCIO CT | D17: CUMPLE | E17: CUMPLE | F17: CUMPLE | G17: HABILITADO | I17: Sin Observaciones.
B18: 7 | C18: CONSORCIO ALMA-INTERNOVAC | D18: NO CUMPLE | E18: NO CUMPLE | F18: NO CUMPLE | G18: NO HABILITADO | I18: * Ver Evaluación Preliminar "Experiencia" * Ver Evaluación Preliminar "Personal clave" * Ver Evaluación Preliminar "Oferta Económica* Subsanar en el termino del traslado de la evaluación
B19: 8 | C19: CONSORCIO SAN LUIS 310 | D19: CUMPLE | E19: CUMPLE | F19: NO CUMPLE | G19: NO HABILITADO | I19: * Ver Evaluación Preliminar "Oferta Económica* Subsanar en el termino del traslado de la evaluación
B20: 9 | C20: PRAN COSTRUCCIONES SAS | D20: CUMPLE | E20: CUMPLE | F20: CUMPLE | G20: HABILITADO | I20: Sin Observaciones.
B21: 10 | C21: UMBRELLA INTERNACIONAL SAS | D21: NO CUMPLE | E21: CUMPLE | F21: CUMPLE | G21: NO HABILITADO | I21: Ver. Evaluación Experiencia Subsanar en el termino del traslado de la evaluación
B22: 11 | C22: CONSORCIO LAGARTOS | D22: CUMPLE | E22: NO CUMPLE | F22: CUMPLE | G22: NO HABILITADO | I22: * Ver Evaluación Preliminar "Personal clave" Subsanar en el termino del traslado de la evaluación
B23: 12 | C23: CONSORCIO PARQUES BOGOTA SR | D23: CUMPLE | E23: NO CUMPLE | F23: NO CUMPLE | G23: NO HABILITADO | I23: * Ver Evaluación Preliminar "Personal clave" * Ver Evaluación Preliminar "Oferta Económica* Subsanar en el termino del traslado de la evaluación
... B27: 16 | C27: CONSORCIO DG | D27: CUMPLE | E27: NO CUMPLE | F27: NO CUMPLE | G27: NO HABILITADO | I27: * Ver Evaluación Preliminar "Personal clave" * Ver Evaluación Preliminar "Oferta Económica* Subsanar en el termino del traslado de la evaluación
B28: 17 | C28: CONSORCIO LAAP
B29: 18 | C29: CONSORCIO HG INFRAESTRUCTURA | D29: CUMPLE | E29: CUMPLE | F29: CUMPLE | G29: HABILITADO | I29: Sin Observaciones.
B30: 19 | C30: CONSORCIO SAN MARCOS 001 | D30: CUMPLE | E30: NO CUMPLE | F30: CUMPLE | G30: NO HABILITADO | I30: * Ver Evaluación Preliminar "Personal clave" Subsanar en el termino del traslado de la evaluación
B32: COMITÉ EVALUADOR
